 Dungeon Crawl Stone Soup version 0.19-a0-1320-g0178847 (webtiles) character file.

58993 Leszczynek the Bludgeoner (level 14, 146/146 HPs)
             Began as an Ogre Warper on Aug 30, 2016.
             Was a High Priest of the Shining One.
             Quit the game in a labyrinth on Aug 31, 2016.
             The game lasted 01:42:41 (16132 turns).

Leszczynek the Bludgeoner (Ogre Warper)            Turns: 16132, Time: 01:42:42

Health: 146/146    AC: 14    Str: 22    XL:     14   Next: 93%
Magic:  23/23      EV: 15    Int: 14    God:    the Shining One [*****.]
Gold:   309        SH:  0    Dex: 13    Spells: 4 memorised, 7 levels left

rFire  . . .     SeeInvis .     a - +0 giant club (protect)
rCold  . . .     Gourm    .     i - +0 robe "Cahiz" {rPois rN+}
rNeg   + + +     Faith    +     (shield currently unavailable)
rPois  +         Spirit   .     (helmet restricted)
rElec  +         Dismiss  .     N - +2 cloak "Qaybikku" {+Blink MR+}
rCorr  .         Reflect  .     (gloves unavailable)
MR     ++...     Harm     .     (boots unavailable)
Stlth  +.........               H - amulet of faith
                                W - ring "Apsoamoj" {rElec rN+ Str+3 Int+2}
                                k - +3 ring of protection

@: glowing
A: unfitting armour, tough skin 1
a: Divine Shield, Cleansing Flame, Summon Divine Warrior, Renounce Religion,
Evoke Blink


You were in a labyrinth.
You worshipped the Shining One.
The Shining One was extremely pleased with you.
You were full.

You visited 4 branches of the dungeon, and saw 24 of its levels.
You also visited: Labyrinth.

You collected 2195 gold pieces.
You spent 1886 gold pieces at shops.

Inventory:

Hand Weapons
 a - a +0 giant club of protection (weapon)
 b - a +4 giant spiked club of flaming {harambe}
Missiles
 j - 6 javelins
 A - 11 large rocks
 G - 56 tomahawks (quivered)
 X - a throwing net
Armour
 i - the +0 robe "Cahiz" (worn) {rPois rN+}
   (You found it on level 2 of the Lair of Beasts)

   It protects you from poison.
   It protects you from negative energy.
 I - a +2 robe of the Archmagi
 N - the +2 cloak "Qaybikku" (worn) {+Blink MR+}
   (You acquired it on level 11 of the Dungeon)

   It affects your resistance to hostile enchantments.
   It lets you blink.
Jewellery
 k - a +3 ring of protection (left hand)
 r - an uncursed ring of protection from magic
 H - an amulet of faith (around neck)
 W - the ring "Apsoamoj" (right hand) {rElec rN+ Str+3 Int+2}
   (You bought it in a shop on level 13 of the Dungeon)

   [ring of intelligence]

   It affects your strength (+3).
   It affects your intelligence (+2).
   It insulates you from electricity.
   It protects you from negative energy.
Wands
 e - a wand of heal wounds (6/9)
 g - a wand of teleportation (3/9)
 o - a wand of slowing (21/48)
 q - a wand of teleportation (3/9)
 t - a wand of hasting (5/9)
 v - a wand of confusion (37/48)
 K - a wand of flame (20/48)
 P - a wand of disintegration (4/24)
 Q - a wand of acid (4/15)
 R - a wand of teleportation (4/9)
 T - a wand of iceblast (12/15)
Scrolls
 f - a scroll of recharging
 l - 4 scrolls of fog
 p - 4 scrolls of remove curse
 y - 4 scrolls of fear
Potions
 h - 4 potions of brilliance
 m - a potion of lignification
 s - 2 potions of cancellation
 C - 3 potions of flight
 D - a potion of resistance {unknown}
 J - 2 potions of might {unknown}
 L - 2 potions of cure mutation {unknown}
 M - 3 potions of curing {unknown}
 O - a potion of ambrosia {unknown}
 S - 2 potions of haste
 V - 3 potions of heal wounds {unknown}
 Z - 4 potions of agility
Miscellaneous
 c - a sack of spiders
 n - a phial of floods
Comestibles
 d - 10 bread rations
 z - 6 meat rations
 B - 16 fruits


   Skills:
 - Level 11.3 Fighting
 * Level 19.1 Maces & Flails
 + Level 8.8 Throwing
 - Level 9.1 Dodging
 - Level 1.6 Stealth
 - Level 2.4 Spellcasting
 - Level 2.1 Translocations
 - Level 12.5 Invocations
 - Level 6.0 Evocations


You had 7 spell levels left.
You knew the following spells:

 Your Spells              Type           Power        Failure   Level  Hunger
a - Apportation           Tloc           #.........   12%         1    #......
b - Blink                 Tloc           N/A          17%         2    ###....
c - Portal Projectile     Tloc           #.....       30%         3    ###....
d - Passage of Golubria   Tloc           N/A          89%         4    #####..


Dungeon Overview and Level Annotations

Branches:
Dungeon (15/15)            Temple (1/1) D:6            Lair (6/6) D:10
  Swamp (0/4) Lair:2        Snake (0/4) Lair:4        Slime (0/5) Lair:6
    Orc (2/2) D:11            Elf (0/3) Orc:2
 Vaults: D:13-14     Depths: D:15

Altars:
Ashenzari
Dithmenos
Elyvilon
Gozag
Nemelex Xobeh
Okawaru
Qazlal
Sif Muna
Yredelemnul
Zin
The Shining One
Beogh
Jiyva

Shops:
D:5 (   D:13 =   Orc:1 (   Orc:2 }[=(

Portals:
Trove: D:10 (give 7 potions of haste)

Annotations:
D:5 Eustachio
D:8 bees
D:14 !, Louise
Lair:2 bee hive
Lair:3 ant nest
Lair:4 Rupert
Orc:1 orc warlord in a pocket


Innate Abilities, Weirdness & Mutations

You are too large for most types of armour.
You have tough skin. (AC +1)


Message History

Enter note: Your +4 giant spiked club of flaming {harambe} stops flaming.
You feel protected!
a - a +0 giant club of protection (weapon)
You hear an odd grinding sound!
Enter note: if i spend here more than 2k turns i'm quitting You see here a leather armour.
Evoke which item? (* to show all) (? for menu, Esc to quit)
Okay, then.
As you read the scroll of teleportation, it crumbles to dust.
You feel strangely unstable.
You start waiting.
Your surroundings suddenly seem different.
As you read the scroll of teleportation, it crumbles to dust.
You feel strangely unstable.
You start waiting.
Your surroundings suddenly seem different.
Found 7 gold pieces.
Enter note: Are you sure you want to abandon this character and quit the game? (Confirm with "yes".)

# ### .# ..#
=. #.# ##. #.#
#
#.#...#####.#
#
.......@....#
#### .#
#.###.#.###.#.
. . . . ..
#.#.....# . #
#######.#####
. #.....# ##
### #.###.#
...#.#.#.# #
## #.# #.#.# .
...#...#


There were no monsters in sight!

Vanquished Creatures
  A stone giant (Orc:2)
  Erica (D:10)
  2 hydras
  4 centaur warriors
  4 death yaks
  7 orc high priests
  Nergalle (Lair:4)
  An unseen horror (D:14)
  3 hill giants
  6 orc knights
  2 ugly things (D:11)
  An orc sorcerer (Orc:1)
  A cyclops (Orc:1)
  2 griffons
  2 manticores
  Joseph (D:8)
  A centaur zombie (D:14)
  3 black mambas (Lair:5)
  2 gargoyles
  6 spiny frogs
  A komodo dragon (Lair:1)
  A troll (Orc:1)
  A polar bear (Lair:4)
  A two-headed ogre (D:11)
  5 slime creatures (D:12)
  Prince Ribbit (D:5)
  26 blink frogs
  Sigmund (D:5)
  4 spriggans (Lair:3)
  A vampire (D:11)
  27 yaks
  7 basilisks
  A wyvern (D:10)
  6 hippogriffs
  5 hungry ghosts
  A human (D:8)
  5 vampire mosquitoes
  Grum (D:8)
  2 wargs
  Menkaure (D:5)
  3 soldier ants (Lair:3)
  6 swamp worms (Lair:2)
  2 nagas (Lair:4)
  6 water moccasins
  2 hell hounds (D:10)
  3 porcupines
  43 orc warriors
  4 sky beasts
  4 black bears
  5 ice beasts
  7 ogres
  5 phantoms
  10 centaurs
  10 crocodiles
  9 wolves
  6 big kobolds
  A wyvern zombie (D:8)
  10 giant frogs
  2 scorpions
  20 killer bees
  10 wights
  An electric eel (Lair:5)
  8 howler monkeys
  3 crimson imps
  2 giant frog zombies
  2 quasits (D:9)
  5 hounds
  2 jellies
  A gnoll shaman (D:9)
  35 orc priests
  4 giant frog skeletons
  13 orc wizards
  A centaur skeleton (D:8)
  Jessica (D:2)
  Natasha (D:2)
  3 iguanas
  17 worker ants
  2 hound zombies
  A hound skeleton (D:9)
  A howler monkey zombie (D:5)
  A worker ant zombie (D:5)
  5 gnolls (D:9)
  7 adders
  34 river rats
  A shadow imp (D:13)
  2 oozes
  An adder skeleton (D:5)
  15 worms
  A dart slug (D:4)
  7 giant geckos
  91 orcs
  3 ball pythons
  4 bats
  5 giant cockroaches
  2 hobgoblins (D:1)
  3 jackals (D:6)
  2 quokkas
  4 giant newts
  41 kobolds
  5 rats
  2 fungi
  6 plants
662 creatures vanquished.

Vanquished Creatures (collateral kills)
  An orc warlord (Orc:1)
  3 orc knights
  A two-headed ogre (Orc:1)
  A porcupine (Lair:1)
  10 orc warriors
  3 orc priests (Orc:2)
  An orc wizard (Orc:1)
  3 orcs
23 creatures vanquished.

Vanquished Creatures (others)
  A fungus (Lair:5)
  4 plants (Lair:4)
5 creatures vanquished.

Grand Total: 690 creatures vanquished

Notes
Turn   | Place    | Note
-------+----------+-------------------------------------------
     0 | D:1      | Leszczynek the Ogre Warper began the quest for the Orb.
     0 | D:1      | Reached XP level 1. HP: 22/22 MP: 3/3
   104 | D:1      | Reached skill level 1 in Stealth
   129 | D:1      | Reached XP level 2. HP: 21/29 MP: 5/5
   361 | D:2      | Reached skill level 3 in Maces & Flails
   370 | D:2      | Learned a level 2 spell: Blink
   593 | D:2      | Noticed Jessica
   607 | D:2      | Killed Jessica
   607 | D:2      | Reached skill level 4 in Maces & Flails
   607 | D:2      | Reached XP level 3. HP: 19/36 MP: 6/6
   813 | D:2      | Noticed Natasha
   820 | D:2      | Killed Natasha
   820 | D:2      | Reached skill level 5 in Maces & Flails
   820 | D:2      | Reached XP level 4. HP: 12/44 MP: 7/7
  1454 | D:3      | Reached skill level 6 in Maces & Flails
  1454 | D:3      | Reached XP level 5. HP: 48/50 MP: 8/8
  1730 | D:5      | Entered Level 5 of the Dungeon
  1730 | D:5      | Noticed Prince Ribbit
  1730 | D:5      | Noticed Menkaure
  1802 | D:4      | Reached skill level 7 in Maces & Flails
  1810 | D:4      | Found an opulent altar of Gozag.
  1810 | D:4      | Found a deep blue altar of Sif Muna.
  1810 | D:4      | Found a shattered altar of Ashenzari.
  1810 | D:4      | Found a stormy altar of Qazlal.
  1904 | D:4      | Found a glowing silver altar of Zin.
  1904 | D:4      | Found a basalt altar of Yredelemnul.
  2074 | D:5      | Killed Menkaure
  2074 | D:5      | Reached skill level 8 in Maces & Flails
  2074 | D:5      | Reached XP level 6. HP: 59/59 MP: 9/9
  2084 | D:5      | Killed Prince Ribbit
  2084 | D:5      | Reached skill level 9 in Maces & Flails
  2084 | D:5      | Reached XP level 7. HP: 45/66 MP: 10/10
  2199 | D:5      | Reached skill level 10 in Maces & Flails
  2330 | D:5      | Found a glowing drain.
  2345 | D:5      | sewer drain mimic
  2345 | D:5      | very funny
  2395 | D:5      | Noticed Eustachio
  2633 | D:5      | Found Kaipn's Antique Weapon Shoppe.
  2721 | D:5      | Bought an encrusted whip for 187 gold pieces
  2721 | D:5      | Bought a glowing flail for 87 gold pieces
  2721 | D:5      | >glowing triple sword
  2721 | D:5      | Identified the +8 whip "Lepoemug" {slash, *Corrode rElec MR++ Str+4} (You bought it in a shop on level 5 of the Dungeon)
  2773 | D:6      | Reached skill level 11 in Maces & Flails
  2826 | D:6      | Reached XP level 8. HP: 62/74 MP: 11/11
  2886 | D:6      | Reached skill level 12 in Maces & Flails
  2899 | D:5      | Noticed Sigmund
  2978 | D:5      | Killed Sigmund
  2978 | D:5      | Reached skill level 3 in Fighting
  3021 | D:6      | Reached skill level 4 in Fighting
  3022 | D:6      | Reached skill level 3 in Dodging
  3136 | D:6      | Found a staircase to the Ecumenical Temple.
  3159 | Temple   | Entered the Ecumenical Temple
  3188 | Temple   | Became a worshipper of the Shining One
  3494 | D:7      | Reached skill level 5 in Fighting
  3498 | D:7      | Reached skill level 4 in Dodging
  3504 | D:7      | Reached XP level 9. HP: 52/89 MP: 12/12
  3511 | D:7      | Reached skill level 6 in Fighting
  3671 | D:7      | Reached skill level 5 in Dodging
  3706 | D:7      | Reached skill level 7 in Fighting
  3788 | D:7      | Found a shadowy altar of Dithmenos.
  4208 | D:8      | Noticed Joseph
  4221 | D:8      | Killed Joseph
  4223 | D:8      | Reached skill level 8 in Fighting
  4240 | D:8      | Reached skill level 13 in Maces & Flails
  4270 | D:8      | Learned a level 4 spell: Passage of Golubria
  4274 | D:8      | Learned a level 3 spell: Portal Projectile
  4286 | D:8      | Found an iron altar of Okawaru.
  4313 | D:8      | Reached * piety under the Shining One
  4314 | D:8      | Noticed Grum
  4328 | D:8      | Reached skill level 6 in Dodging
  4328 | D:8      | Reached XP level 10. HP: 48/106 MP: 13/13
  4333 | D:8      | Killed Grum
  4623 | D:8      | Reached skill level 1 in Invocations
  4873 | D:9      | Reached skill level 2 in Invocations
  5306 | D:9      | Reached skill level 3 in Invocations
  5476 | D:9      | Reached skill level 14 in Maces & Flails
  5838 | D:9      | Reached skill level 4 in Invocations
  5857 | D:9      | Reached ** piety under the Shining One
  5965 | D:10     | Entered Level 10 of the Dungeon
  5976 | D:10     | Noticed Erica
  6032 | D:10     | Killed Erica
  6032 | D:10     | Reached skill level 5 in Invocations
  6094 | D:10     | Found a staircase to the Lair.
  6230 | D:10     | Found a portal to a secret trove of treasure.
  6247 | D:10     | Reached skill level 6 in Invocations
  6273 | D:10     | trove: 7 !haste
  6279 | D:10     | Found a white marble altar of Elyvilon.
  6329 | D:9      | Reached XP level 11. HP: 76/113 MP: 14/16
  6393 | D:9      | Reached skill level 7 in Invocations
  6515 | D:10     | Reached skill level 15 in Maces & Flails
  6696 | D:11     | Reached *** piety under the Shining One
  6702 | D:11     | Noticed a hill giant
  6743 | D:11     | Noticed a hill giant
  6756 | D:11     | Killed a hill giant
  6793 | D:11     | Noticed a green ugly thing
  6814 | D:11     | Killed a green ugly thing
  6814 | D:11     | Reached skill level 16 in Maces & Flails
  6966 | D:11     | Noticed a green ugly thing
  7018 | D:11     | Killed a green ugly thing
  7050 | D:11     | Reached skill level 2 in Throwing
  7059 | D:11     | Killed a hill giant
  7059 | D:11     | Reached skill level 9 in Fighting
  7074 | D:11     | Reached skill level 3 in Throwing
  7192 | D:11     | Identified 2 scrolls of acquirement
  7195 | D:11     | Got an ichor-stained cloak
  7206 | D:11     | Identified the +2 cloak "Qaybikku" {+Blink MR+} (You acquired it on level 11 of the Dungeon)
  7426 | D:13     | Noticed a hill giant
  7431 | D:12     | Killed a hill giant
  7431 | D:12     | Reached skill level 4 in Throwing
  7501 | D:13     | Noticed a centaur warrior
  7515 | D:13     | Killed a centaur warrior
  7515 | D:13     | Reached XP level 12. HP: 35/126 MP: 14/17
  7649 | D:13     | Reached **** piety under the Shining One
  7725 | D:13     | Reached skill level 7 in Dodging
  7745 | D:14     | Noticed a centaur warrior
  7749 | D:14     | Killed a centaur warrior
  7749 | D:14     | Reached skill level 5 in Throwing
  7763 | D:14     | Reached skill level 17 in Maces & Flails
  7765 | D:14     | Reached skill level 10 in Fighting
  7873 | D:15     | Entered Level 15 of the Dungeon
  7873 | D:15     | Noticed a four-headed hydra
  7887 | D:14     | Noticed Louise
  7929 | D:13     | Found Zorch's Jewellery Shop.
  7937 | D:13     | Bought the ring "Apsoamoj" {rElec rN+ Str+3 Int+2} for 352 gold pieces
  7968 | D:13     | Noticed a centaur warrior
  7978 | D:13     | Noticed a centaur warrior
  7983 | D:13     | Killed a centaur warrior
  7983 | D:13     | Reached skill level 6 in Throwing
  7989 | D:13     | Killed a centaur warrior
  8005 | D:13     | what's with all the centaur warriors
  8389 | D:12     | Reached skill level 7 in Throwing
  8808 | D:11     | Found a staircase to the Orcish Mines.
  8876 | Orc:1    | Entered Level 1 of the Orcish Mines
  8876 | Orc:1    | Found Meinn's Weapon Shop.
  8948 | Orc:1    | Reached ***** piety under the Shining One
  8952 | Orc:1    | Reached skill level 11 in Fighting
  9068 | Orc:2    | Entered Level 2 of the Orcish Mines
  9089 | Orc:1    | Noticed an orc warlord
  9093 | Orc:1    | Reached skill level 8 in Dodging
  9196 | Orc:2    | Found a staircase to the Elven Halls.
  9204 | Orc:2    | Noticed an orc high priest
  9229 | Orc:2    | Noticed a sun demon
  9229 | Orc:2    | Killed an orc high priest
  9249 | Orc:2    | Noticed a stone giant
  9276 | Orc:2    | Killed a stone giant
  9276 | Orc:2    | Reached XP level 13. HP: 83/137 MP: 15/18
  9393 | Orc:2    | Reached skill level 8 in Invocations
  9502 | Orc:2    | a lot of backtracking in this vault
  9678 | Orc:1    | Reached skill level 9 in Invocations
  9846 | Orc:1    | Killed an orc warlord
  9961 | Orc:1    | Reached skill level 10 in Invocations
 10189 | Orc:1    | Found a roughly hewn altar of Beogh.
 10246 | Orc:1    | Found a roughly hewn altar of Beogh.
 10425 | Orc:2    | Reached skill level 11 in Invocations
 10703 | Orc:2    | Reached skill level 12 in Invocations
 11063 | Orc:2    | Reached skill level 8 in Throwing
 11126 | Orc:2    | Found Miopet's Antique Weapon Boutique.
 11126 | Orc:2    | Found Amol's Gadget Boutique.
 11127 | Orc:2    | Found Seibekan's Jewellery Shop.
 11127 | Orc:2    | Found Lidykh's Armour Boutique.
 11134 | Orc:2    | w e w l a d
 11134 | Orc:2    | e
 11134 | Orc:2    | w
 11134 | Orc:2    | 
 11134 | Orc:2    | l
 11134 | Orc:2    | a
 11134 | Orc:2    | d
 11134 | Orc:2    | Bought a wand of heal wounds (2/9) for 504 gold pieces
 11134 | Orc:2    | Bought a wand of hasting (5/9) for 756 gold pieces
 11150 | Orc:2    | +5 ring mail {Slay+8 Str+3}
 11150 | Orc:2    | jesus
 11414 | D:10     | Found a shattered altar of Ashenzari.
 11445 | Lair:1   | Entered Level 1 of the Lair of Beasts
 11448 | Lair:1   | Upgraded the game from 0.19-a0-1292-g796ee4d to 0.19-a0-1320-g0178847
 11534 | Lair:1   | Reached skill level 1 in Evocations
 11697 | Lair:2   | beehive
 11751 | Lair:2   | Reached skill level 2 in Evocations
 11757 | Lair:2   | Reached XP level 14. HP: 83/146 MP: 21/23
 11767 | Lair:2   | Found a staircase to the Swamp.
 11890 | Lair:2   | Reached skill level 3 in Evocations
 12151 | Lair:2   | Got a tattered robe
 12162 | Lair:2   | Identified the +0 robe "Cahiz" {rPois rN+} (You found it on level 2 of the Lair of Beasts)
 12244 | Lair:2   | Reached skill level 4 in Evocations
 12479 | Lair:3   | Reached skill level 5 in Evocations
 12634 | Lair:3   | ant nest
 12942 | Lair:4   | Noticed Rupert
 13210 | Lair:4   | Found a staircase to the Snake Pit.
 13294 | Lair:4   | Reached skill level 6 in Evocations
 13374 | Lair:3   | Reached skill level 18 in Maces & Flails
 13701 | Lair:4   | Noticed Nergalle
 13711 | Lair:4   | Killed Nergalle
 14084 | Lair:5   | Reached skill level 9 in Dodging
 14369 | Lair:6   | Entered Level 6 of the Lair of Beasts
 14641 | Lair:6   | Found a viscous altar of Jiyva.
 14641 | Lair:6   | Found a staircase to the Slime Pits.
 14776 | Lair:6   | Found a labyrinth entrance.
 14789 | Lab      | Entered a labyrinth
 14848 | Lab      | Reached skill level 19 in Maces & Flails
 15974 | Lab      | if i spend here more than 2k turns i'm quitting
 16132 | Lab      | Quit the game

Vault maps used:
D:1:      shiori_arrival_oz
D:2:      lemuel_coloured_pillars_altar, uniq_natasha, uniq_jessica
D:4:      minmay_overflow_temple_hex, first_bread
D:5:      serial_shops, nicolae_shop_waterfront, gup_sewer_entry_bubbles,
          uniq_eustachio, uniq_prince_ribbit1, uniq_menkaure, uniq_sigmund
D:6:      minmay_holes, lightli_minifort
D:7:      overflow_temple_1_default, grunt_dithmenos_smoke_and_mirrors
D:8:      okawaru_humans, uniq_grum, uniq_joseph
D:10:     minmay_lair_entry_lava, enter_trove_2, basic_altar, grunt_pizzeria,
          minmay_gold_behind_fungi, nicolae_ashenzari_panopticon, uniq_erica
D:11:     orc_0_dummy
D:12:     minmay_goldmine
D:13:     serial_shops, shop, uniq_kirke
D:14:     lemuel_traditional_vault, hangedman_vaults_entry_quadrant_bands,
          basic_altar, fountainhead, uniq_sonja, uniq_louise
D:15:     hangedman_depths_entry_civil_slaughter, uniq_nessos, uniq_agnes
Temple:   minmay_temple_forest_path
Lair:2:   regret_index_wax_grids, swamp_mist, worms_lemuel
Lair:3:   wad_woods_settlement, zaba_anthell
Lair:4:   guppyfry_snake_entry_garden, lemuel_fruit_tree, grunt_megastairs_3,
          infiniplex_staircase_pool_2, uniq_snorg, uniq_nergalle, uniq_rupert
Lair:5:   minivault_27, columned_hall_lemuel, serial_bayou_shore_a
Lair:6:   due_jungle_book, slime_altar_1, lab_entry_generic,
          serial_bayou_pond_d, st_stairs_9
Orc:1:    orc_temple, serial_shops, shop, nicolae_orc_stony_grotto,
          nicolae_orc_lost_temple
Orc:2:    st_orc_pillars
Lab:      lab_fountain, labyrinth_lava_lair, nicolae_lab_dead_end, lab_statue,
          labyrinth_skeletal_remains

Skill      XL: |  1  2  3  4  5  6  7  8  9 10 11 12 13 14 |
---------------+-------------------------------------------+-----
Stealth        | 1 |  1.6
Maces & Flails | 4 5 6 8 9 11 12 13 14 16 17 19 | 19.1
Fighting       | 5 8 9 11 | 11.3
Dodging        | 4 6 8 9 |  9.1
Invocations    | 6 7 12 | 12.5
Throwing       | 4 7 8 |  8.8
Evocations     | 2 6 |  6.0
Spellcasting   | |  2.4
Translocations | |  2.1

Action                   |  1- 3 |  4- 6 |  7- 9 | 10-12 | 13-15 || total
-------------------------+-------+-------+-------+-------+-------++-------
Melee: Mace              |    83 |    86 |       |       |       ||   169
       Flail             |       |    31 |   112 |       |       ||   143
       Whip              |       |       |   134 |    13 |       ||   147
       Giant club        |       |       |    41 |   615 |   742 ||  1398
       Giant spiked club |       |       |       |       |    75 ||    75
Throw: Tomahawk          |       |     2 |     1 |     3 |    31 ||    37
       Large rock        |       |       |       |       |     5 ||     5
       Throwing net      |       |       |       |       |     1 ||     1
 Cast: Apportation       |       |       |       |       |     2 ||     2
Invok: Divine Shield     |       |       |       |     8 |    21 ||    29
       Cleansing Flame   |       |       |       |       |     5 ||     5
       Summon Divine War |       |       |       |       |     3 ||     3
Evoke: Wand              |       |     3 |    10 |     1 |     3 ||    17
  Use: Scroll            |       |     2 |     4 |    13 |    21 ||    40
       Potion            |       |       |     3 |     3 |       ||     6
 Stab: Paralysed         |       |       |     3 |       |       ||     3
       Sleeping          |       |       |       |       |     1 ||     1
  Eat: Chunk             |       |     4 |     8 |    16 |    22 ||    50
       Pizza             |       |     1 |       |     1 |     2 ||     4
       Royal jelly       |       |       |     1 |     2 |     1 ||     4
       Beef jerky        |       |       |       |       |     5 ||     5
Armor: Robe              |    40 |    46 |    65 |   184 |   145 ||   480
       Skin              |       |       |    44 |     6 |       ||    50
Dodge: Dodged            |    37 |    71 |   120 |   333 |   271 ||   832
Block: Other             |       |       |       |    48 |    92 ||   140
